AoeStats
← 17_Neo_

African Clearing

505582943Analyzed
3v3 RM · 22d ago on Sep 10, 2026· 45m 41s· 6 players
Game mode
Random Map
Map size
Normal (6 player)
Population
200
Speed
Normal
Resources
Standard
Victory
Conquest
Starting age
Dark Age
Ending age
Imperial Age
RankedLock teamsTeams togetherTeam positionsShared explorationLock speedFull tech treeHidden civsTurbo modeCheats
Victory
Defeat
🇲🇽 Chinese · Mexico
1391
+13
🇺🇸 Malay · United States
1259
+19
🇲🇽 Huns · Mexico
1238
+19
🇨🇴 Maya · Colombia
1412
-20
🇨🇴 Bohemians · Colombia
1287
-16
🇨🇴 Lithuanians · Colombia
1265
-15
17_Neo_
5:15 Loom
11:45 Feudal Age
12:49 Double-Bit Axe
14:39 Fletching
16:26 Padded Archer Armor
26:58 Castle Age
25:43 Horse Collar
26:02 Gold Mining
27:37 Bodkin Arrow
27:03 Elite Skirmisher
27:07 Crossbowman
34:58 Ballistics
34:42 Treadmill Crane
Mhao
5:45 Loom
11:58 Feudal Age
14:24 Wheelbarrow
19:58 Bloodlines
20:00 Town Watch
22:41 Town Watch
29:25 Castle Age
35:11 Stone Mining
39:51 Husbandry
40:18 Double-Bit Axe
41:51 Bow Saw
43:13 Hand Cart
44:59 Horse Collar
45:15 Gold Mining
Logan
11:54 Loom
14:45 Feudal Age
16:19 Wheelbarrow
22:15 Castle Age
33:05 Pikeman
bulbmusic5
9:54 Loom
12:13 Feudal Age
12:07 Double-Bit Axe
14:13 Gold Mining
16:46 Fletching
17:48 Padded Archer Armor
20:22 Man-at-Arms
32:33 Castle Age
33:08 Elite Skirmisher
35:16 Bow Saw
36:29 Bodkin Arrow
37:48 Long Swordsman
38:41 Forging
46:22 Wheelbarrow
(JP) JR
5:26 Loom
13:23 Feudal Age
14:42 Horse Collar
15:48 Scale Barding Armor
17:05 Fletching
27:17 Castle Age
25:04 Town Watch
26:49 Forging
27:44 Wheelbarrow
27:45 Light Cavalry
28:35 Bloodlines
41:50 Gold Mining
[DH]Howl Jenkins
2:55 Loom
12:38 Feudal Age
14:51 Fletching
15:52 Wheelbarrow
19:30 Castle Age
19:42 Crossbowman
20:45 Bodkin Arrow
22:59 Double-Bit Axe
29:47 Ballistics
31:00 Forging
31:13 Squires
33:36 Bow Saw
33:09 Horse Collar
33:36 Arson
36:05 Heavy Plow
40:23 Imperial Age
38:18 Great Wall
38:32 Scale Mail Armor
39:29 Thumb Ring
40:33 Chain Mail Armor
40:51 Hand Cart
41:11 Bracer
42:55 Gold Mining
42:56 Stone Mining
42:45 Arbalester
44:32 Chemistry
43:04 Heavy Rocket Cart
43:57 Town Watch
46:41 Two-Man Saw
45:13 Elite Fire Lancer
45:55 Padded Archer Armor
46:26 Plate Mail Armor
Connection lost

Rejoining the realm…

Still unreachable

The connection could not be restored.

Session expired

The server has moved on; the page needs a fresh start.